 Dungeon Sprint DCSS version 0.30-a0-359-gd0147acb1a (webtiles) character file.

Game seed: 11141599925257632453

14674 fingers the Severer (level 12, -8/150 HPs)
             Began as an Ogre Berserker on Nov 11, 2022.
             Was the Champion of Trog.
             Killed from afar by a black draconian knight (13 damage)
             ... with a bolt of lightning
             ... in the Dungeon (Sprint V: "Ziggurat Sprint").
             The game lasted 00:05:24 (1065 turns).

fingers the Severer (Ogre Berserker)                Turns: 1065, Time: 00:05:25

Health: -8/150     AC: 21    Str: 42    XL:     12   Next: 19%
Magic:  12/12      EV:  1    Int:  3    God:    Trog [******]
Gold:   0          SH: 29    Dex:  8    Spells: 11/11 levels left

rFire   + . .      SeeInvis +    y - +14 obsidian axe {vorpal, Mesm Drain Fly SInv}
rCold   + . .      Faith    .    z - +18 shield of the Gong {rElec rN+ Will+ EV-5}
rNeg    + . .      Spirit   .    A - +5 gold dragon scales
rPois   +          Reflect  .    (helmet restricted)
rElec   +          Harm     .    (no cloak)
rCorr   .          Rampage  .    (gloves unavailable)
Will    +++..      NoTele   +    (boots unavailable)
Stlth   ..........               C - amulet of Sietoex {Acrobat Will+ Str+2 Int-5}
HPRegen 0.45/turn                u - +6 ring of strength
MPRegen 0.13/turn                v - +6 ring of strength

@: on berserk cooldown, flying, mesmerised, unable to drink
A: large, unfitting armour, tough skin 1, inability to drink after injury 1
a: Renounce Religion, Berserk, Trog's Hand, Brothers in Arms


You were in the Dungeon.
You worshipped Trog.
Trog was exalted by your worship.
You visited 1 branch

Inventory:

Hand Weapons
 a - a +0 hand axe
 y - the +14 obsidian axe (weapon) {vorpal, Mesm Drain Fly SInv}
   (You found it in the Dungeon)

   It inflicts extra damage upon your enemies.
   It occasionally summons demons to assist the wielder when it strikes in
   combat.
   Its wielder is mesmerised by any visible foes.
   It cannot be unequipped while any foes are visible.
   SInv:      It lets you see invisible.
   Fly:       It grants you flight.
   Drain:     It drains your maximum health when unequipped.
Armour
 b - a +0 animal skin
 z - the +18 shield of the Gong (worn) {rElec rN+ Will+ EV-5}
   (You found it in the Dungeon)

   It is deafeningly noisy when blocking attacks.
   EV:        It affects your evasion (-5).
   rElec:     It insulates you from electricity.
   rN:        It protects you from negative energy.
   Will:      It increases your willpower.
 A - +5 gold dragon scales (worn)
Jewellery
 p - a ring of flight
 q - a +6 ring of dexterity
 r - a +6 ring of dexterity
 s - a +6 ring of intelligence
 t - a +6 ring of intelligence
 u - a +6 ring of strength (left hand)
 v - a +6 ring of strength (right hand)
 C - the amulet of Sietoex (around neck) {Acrobat Will+ Str+2 Int-5}
   (You found it in the Dungeon)

   [amulet of the acrobat]

   It increases your evasion while moving and waiting.
   Str:       It affects your strength (+2).
   Int:       It affects your intelligence (-5).
   Will:      It increases your willpower.
 D - an amulet of guardian spirit
 F - the ring "Qyadiela" {Drain Fly rCorr Str+7 Dex+4}
   (You found it in the Dungeon)

   [ring of resist corrosion]

   Str:       It affects your strength (+7).
   Dex:       It affects your dexterity (+4).
   Fly:       It grants you flight.
   rCorr:     It protects you from acid and corrosion.
   Drain:     It drains your maximum health when unequipped.
 H - a +4 ring of protection
Wands
 w - a wand of mindburst (7)
 x - a wand of light (6)
Scrolls
 h - 4 scrolls of blinking
 m - 7 scrolls of butterflies
 n - 5 scrolls of identify
 o - 2 scrolls of fear
 G - 4 scrolls of enchant armour
Potions
 c - 10 potions of curing
 d - 18 potions of heal wounds
 e - 6 potions of haste
 f - 7 potions of magic
 g - 3 potions of berserk rage
 i - a potion of invisibility
 j - 4 potions of resistance
 k - a potion of experience
 l - 5 potions of might
Miscellaneous
 B - a lightning rod (4/4)
 E - a phantom mirror


   Skills:
 + Level 18.1 Fighting
 + Level 18.8 Axes
 + Level 7.2 Armour
 + Level 9.2 Dodging
 + Level 6.6 Stealth
 + Level 13.1 Shields
 + Level 1.6 Evocations


You had 11 spell levels left.
You didn't know any spells.
Your spell library was empty.

Dungeon Overview and Level Annotations

Branches:
Dungeon (1/1)

Altars:
Ashenzari
Cheibriados
Dithmenos
Elyvilon
Fedhas
Gozag
Hepliaklqana
Kikubaaqudgha
Makhleb
Nemelex Xobeh
Okawaru
Qazlal
Ru
Sif Muna
Trog
Uskayaw
Vehumet
Wu Jian
Xom
Yredelemnul
Zin
The Shining One
Jiyva
Lugonu

Annotations:
D 1 transporter


Innate Abilities, Weirdness & Mutations

You are too large for most types of armour.
You have tough skin. (AC +1)
You occasionally lose the ability to drink potions when taking damage.


Message History

You closely miss the black draconian knight.
The black draconian knight is heavily wounded.
You hit the purple draconian.
Visions of slaying the black draconian knight flood into your mind.
The black draconian knight breathes lightning at you.
The bolt of lightning hits you. You resist.
* * * LOW HITPOINT WARNING * * *
The white draconian breathes frost at you.
The blast of cold hits the black draconian knight!!
The blast of cold hits you but does no damage.
The blast of cold hits your ufetubus!
Your ufetubus resists.
Your ufetubus dies!
Your ufetubus disappears in a puff of smoke!
The purple draconian hits you with a +0 great sword of holy wrath!
* * * LOW HITPOINT WARNING * * *
The black draconian knight blocks your soul eater's attack.
The black draconian knight blocks your attack.
The black draconian knight is severely wounded.
You barely miss the purple draconian.
Visions of slaying the purple draconian flood into your mind.
The black draconian knight points at you and mumbles some strange words.
You block the shard of ice.
GONNNNG!
The white draconian hits you from afar with a +0 glaive.
* * * LOW HITPOINT WARNING * * *
The purple draconian breathes dispelling energy at you.
The bolt of dispelling energy hits you!
Your magical effects are unravelling.
* * * LOW HITPOINT WARNING * * *
The bolt of dispelling energy hits your ufetubus!!
Your ufetubus dies!
Your ufetubus disappears in a puff of smoke!
You hit the black draconian knight.
The black draconian knight is severely wounded.
You slice the purple draconian!!
Visions of slaying the black draconian knight flood into your mind.
The black draconian knight breathes lightning at you.
The bolt of lightning hits you! You resist.
You die...

▓....©....▓...©...▓
▓▓▓▓▓▓▓▓▓▓▓▓▓▓▓▓▓▓▓▓▓
▓...8©8...▓...8©8...▓
▓..)|..[..▓...:)[}..▓
▓..):=))..▓....}):..▓
▓.........▓.........▓
▓..d......▓..†......▓
▓..dq3....▓.........▓
▓..)@3....▓...†††...▓
▓..○§§....▓....)....▓
▓.▓.....▓.▓....©....▓
▓....©....▓▓▓▓▓▓▓▓▓▓▓
▓▓▓▓▓▓▓▓▓▓▓


You could see a black draconian knight (mesmerising, fast, invisible, catching
breath, ally target), a purple draconian, a white draconian (catching breath), a
friendly soul eater (summoned) and a friendly ynoxinul (summoned).

Vanquished Creatures
  A draconian scorcher (D)
  2 black draconians (D)
  2 red draconians (D)
  A white draconian (D)
  2 yellow draconians (D)
  A catoblepas (D)
  A hell hog (D)
  A shining eye (D)
  3 draconians (D)
  A yaktaur (D)
  A meliai (shapeshifter) (D)
  A wind drake (shapeshifter) (D)
  3 slime creatures (D)
  A yak (D)
  3 fire elementals (D)
  2 neqoxecs (D)
  A hell hound (D)
  6 centaurs (D)
  2 bullfrogs (D)
  4 scorpions (D)
  2 jellies (D)
  2 orc wizards (D)
  2 river rats (D)
  An orc (D)
46 creatures vanquished.

Vanquished Creatures (collateral kills)
  A fire crab (shapeshifter) (D)
  2 ugly things (D)
  A shining eye (D)
  A cane toad (shapeshifter) (D)
  A rime drake (D)
  A yaktaur (D)
  An efreet (D)
  A yak (D)
  A neqoxec (D)
  3 orcs (D)
  A fire vortex (D)
14 creatures vanquished.

Grand Total: 60 creatures vanquished

Notes
Turn   | Place    | Note
-------+----------+-------------------------------------------
     0 | D        | fingers the Ogre Berserker began the quest for the Orb.
     0 | D        | Reached XP level 1. HP: 24/24 MP: 1/1
     0 | D        | Found a shimmering blue altar of Sif Muna.
     0 | D        | Found a sacrificial altar of Ru.
     0 | D        | Found a bloodstained altar of Trog.
     0 | D        | Found a stormy altar of Qazlal.
     0 | D        | Found an iron altar of Okawaru.
     0 | D        | Found a sparkling altar of Nemelex Xobeh.
     0 | D        | Found a blossoming altar of Fedhas.
     0 | D        | Found the +6 Majin-Bo {vamp, MP+6 Int+6}
     0 | D        | Found the +9 heavy crossbow "Sniper" {vorpal, Acc+∞ SInv}
     0 | D        | Found the +10 dark maul {vorpal}
     0 | D        | Found the +15 Maxwell's patent armour {-Cast -Tele rElec
                  | Will+ rCorr}
     0 | D        | Found the +18 shield of the Gong {rElec rN+ Will+ EV-5}
     0 | D        | Found the +14 obsidian axe {vorpal, Mesm Drain Fly SInv}
     0 | D        | Found the +7 great mace "Firestarter" {inner flame, rF++}
     0 | D        | Found the +6 shillelagh "Devastator" {shatter}
     0 | D        | Found the +11 plutonium sword {Contam Stlth-}
     0 | D        | Found the +8 lance "Wyrmbane" {slay drac, rPois rF+ rC+
                  | AC+3}
     0 | D        | Found the +9 sword of Zonguldrok {reap}
     0 | D        | Found the +13 scythe of Curses {drain, Drain}
     0 | D        | Found the +5 sword of Power {vorpal}
     0 | D        | Found the +7 mace of Variability {chain chaos}
     0 | D        | Found the +7 Singing Sword {vorpal, sonic wave}
     0 | D        | Found the +8 storm bow {elec, penet}
     2 | D        | Found a transporter.
     2 | D        | Found an ancient bone altar of Kikubaaqudgha.
     2 | D        | Found a viscous altar of Jiyva.
     2 | D        | Found a corrupted altar of Lugonu.
     2 | D        | Found a hazy altar of Hepliaklqana.
     2 | D        | Found a burning altar of Makhleb.
     2 | D        | Found an opulent altar of Gozag.
    98 | D        | Entered arena 2.
    98 | D        | Noticed a yak
    98 | D        | Found a transporter.
   101 | D        | Reached skill level 5 in Fighting
   101 | D        | Reached XP level 2. HP: 32/35 MP: 2/2
   104 | D        | Killed a yak
   105 | D        | Reached skill level 1 in Shields
   105 | D        | Reached XP level 3. HP: 49/49 MP: 3/3
   105 | D        | Reached XP level 4. HP: 58/58 MP: 4/4
   105 | D        | Reached XP level 5. HP: 66/66 MP: 5/5
   146 | D        | Entered arena 3.
   146 | D        | Noticed a yaktaur
   146 | D        | Noticed a centaur
   146 | D        | Noticed a centaur
   146 | D        | Found a transporter.
   152 | D        | Killed a centaur
   152 | D        | Reached ** piety under Trog
   152 | D        | Killed a yaktaur
   153 | D        | Reached XP level 6. HP: 80/80 MP: 6/6
   153 | D        | Reached XP level 7. HP: 88/88 MP: 7/7
   309 | D        | Entered arena 4.
   309 | D        | Found a transporter.
   314 | D        | Reached *** piety under Trog
   315 | D        | Reached skill level 10 in Axes
   315 | D        | Reached skill level 5 in Shields
   320 | D        | Entered arena 5.
   320 | D        | Noticed a draconian
   320 | D        | Noticed a red draconian
   320 | D        | Noticed a draconian
   320 | D        | Noticed a draconian
   320 | D        | Found a transporter.
   323 | D        | Killed a draconian
   324 | D        | Reached XP level 8. HP: 66/102 MP: 8/8
   325 | D        | Killed a draconian
   326 | D        | Reached skill level 1 in Armour
   329 | D        | Killed a draconian
   329 | D        | Reached **** piety under Trog
   330 | D        | Reached XP level 9. HP: 41/111 MP: 9/9
   335 | D        | Killed a red draconian
   687 | D        | Entered arena 6.
   687 | D        | Noticed a yaktaur
   687 | D        | Found a transporter.
   691 | D        | Reached ***** piety under Trog
   693 | D        | Killed a yaktaur
   829 | D        | Got the amulet of Sietoex {Acrobat Will+ Str+2 Int-5}
   847 | D        | Entered arena 7.
   847 | D        | Noticed a catoblepas
   847 | D        | Noticed a rime drake
   848 | D        | Found a transporter.
   853 | D        | Reached XP level 10. HP: 123/123 MP: 10/10
   854 | D        | Received a gift from Trog
   855 | D        | Reached skill level 15 in Fighting
   858 | D        | Killed a catoblepas
   859 | D        | Reached skill level 10 in Shields
   919 | D        | Entered arena 8.
   920 | D        | Found a transporter.
   925 | D        | Reached skill level 15 in Axes
   925 | D        | Reached skill level 5 in Armour
   925 | D        | Received a gift from Trog
   930 | D        | Got the ring "Qyadiela" {Drain Fly rCorr Str+7 Dex+4}
   934 | D        | Entered arena 9.
   934 | D        | Noticed a hell hog
   936 | D        | Found a transporter.
   940 | D        | Killed a hell hog
   960 | D        | Entered arena 10.
   960 | D        | Noticed a shining eye
   960 | D        | Noticed a shining eye
   962 | D        | Found a transporter.
   966 | D        | Reached ****** piety under Trog
   966 | D        | Identified the +11 quarterstaff "Iseuv" {vorpal, Dex+4}
                  | (Trog gifted it to you in the Dungeon)
   966 | D        | Received a gift from Trog
   967 | D        | Gained mutation: You occasionally lose the ability to drink
                  | potions when taking damage. [a shining eye]
   970 | D        | Killed a shining eye
   971 | D        | Reached skill level 1 in Stealth
   972 | D        | Reached XP level 11. HP: 136/136 MP: 11/11
   974 | D        | Killed a shining eye
  1006 | D        | Entered arena 11.
  1006 | D        | Noticed a cyan ugly thing
  1006 | D        | Noticed a purple ugly thing
  1007 | D        | Found a transporter.
  1009 | D        | Lost intelligence.
  1015 | D        | a cane toad changed into a fire crab
  1015 | D        | Noticed a fire crab (shapeshifter)
  1015 | D        | Killed a cyan ugly thing
  1016 | D        | Received a gift from Trog
  1016 | D        | Killed a purple ugly thing
  1017 | D        | Killed a fire crab
  1020 | D        | Reached skill level 1 in Evocations
  1046 | D        | Entered arena 12.
  1046 | D        | Found the +7 Spriggan's Knife {stab, EV+4 Stlth+}
  1046 | D        | Noticed a black draconian
  1046 | D        | Noticed a black draconian
  1046 | D        | Noticed a yellow draconian
  1046 | D        | Noticed a red draconian
  1046 | D        | Noticed a white draconian
  1046 | D        | Noticed a yellow draconian
  1047 | D        | Noticed a purple draconian
  1047 | D        | Noticed a white draconian
  1047 | D        | Noticed a black draconian knight
  1047 | D        | Noticed a red draconian scorcher
  1050 | D        | Found a transporter.
  1052 | D        | Killed a white draconian
  1055 | D        | Killed a red draconian scorcher
  1055 | D        | Received a gift from Trog
  1056 | D        | Reached skill level 5 in Stealth
  1056 | D        | Killed a yellow draconian
  1060 | D        | Killed a black draconian
  1061 | D        | Killed a black draconian
  1061 | D        | Killed a red draconian
  1061 | D        | Killed a yellow draconian
  1062 | D        | Reached XP level 12. HP: 45/150 MP: 12/12
  1064 | D        | HP: 5/150 [purple draconian/bolt of dispelling energy (10)]
  1065 | D        | Killed from afar by a black draconian knight

Illustrated notes

Levels and vault maps discovered:
D:        sprint_v [room_start, room_1, room_2, room_3, room_4, room_5, room_6,
          room_7, room_8, room_9, room_10, room_11, room_12, room_13, room_14,
          room_15, room_16, room_17, room_18, room_19, room_20, room_21,
          room_22, room_23, room_24, room_25, room_26, room_27]

Skill      XL: |  1  2  3  4  5  6  7  8  9 10 11 |
---------------+----------------------------------+-----
Fighting       | 5 8 11 13 14 16 18 | 18.1
Dodging        | 3 6 7 8 9 |  9.2
Axes           | 6 9 11 12 14 16 18 | 18.8
Shields        | 1 3 5 7 9 11 13 | 13.1
Armour         | 2 4 6 7 |  7.2
Stealth        | 2 6 |  6.6
Evocations     | 1 |  1.6

Action                   |  1- 3 |  4- 6 |  7- 9 | 10-12 || total
-------------------------+-------+-------+-------+-------++-------
Melee: Broad axe         |     3 |     2 |    20 |    42 ||    67
Invok: Berserk           |     1 |     1 |     2 |     2 ||     6
Evoke: Wand              |       |       |       |     1 ||     1
       Phantom mirror    |       |       |       |     1 ||     1
  Use: Potion            |       |       |       |     1 ||     1
 Stab: Invisible         |       |       |       |     7 ||     7
Armor: Gold dragon scale |     2 |     5 |     9 |    15 ||    31
Dodge: Dodged            |       |       |       |     1 ||     1
Block: Kite shield       |     6 |    13 |    40 |    48 ||   107

Table legend: (Time is in decaauts)
 A = Elapsed time spent in this place.
 B = Non-inter-level travel time spent in this place.
 C = Inter-level travel time spent in this place.
 D = Time resting spent in this place.
 E = Time spent auto-exploring this place.
 F = Levels seen in this place.
 G = Mean time per level.
                   A        B        C        D        E       F      G
               +--------+--------+--------+--------+--------+-----+--------+
         Total |   1130 |   1130 |      0 |    777 |     13 |   1 | 1130.0 |
       Dungeon |   1130 |   1130 |      0 |    777 |     13 |   1 | 1130.0 |
               +--------+--------+--------+--------+--------+-----+--------+

Top non-repeatable levels by time:
       D: 1130 daAuts
